 Dungeon Crawl Stone Soup version 0.21.1-1-g345015f (webtiles) character file.

84 Fang the Skirmisher (level 4, -5/43 HPs)
             Began as a Gargoyle Berserker on May 10, 2018.
             Was a Believer of Trog.
             Slain by an ogre
             ... wielding a +0 giant spiked club
              (12 damage)
             ... on level 2 of the Dungeon.
             The game lasted 00:01:19 (1089 turns).

Fang the Skirmisher (Gargoyle Berserker)            Turns: 1089, Time: 00:01:20

Health: -5/43      AC:  5    Str: 27    XL:     4   Next: 45%
Magic:  4/4        EV: 12    Int:  7    God:    Trog [**....]
Gold:   78         SH:  0    Dex:  9    Spells: 3/3 levels left

rFire    . . .     SeeInvis .   a - +0 hand axe
rCold    . . .     Gourm    .   (no shield)
rNeg     + . .     Faith    .   b - +0 animal skin
rPois    ∞         Spirit   .   (no helmet)
rElec    +         Reflect  .   (no cloak)
rCorr    .         Harm     .   (no gloves)
MR       .....                  (no boots)
Stlth    ..........             (no amulet)
HPRegen  0.14/turn              (no ring)
MPRegen  0.09/turn              (no ring)

@: berserking (expiring), very quick
A: negative energy resistance 1, electricity resistance, unbreathing,
petrification resistance, rot immunity, AC +3
a: Berserk, Trog's Hand, Burn Spellbooks, Renounce Religion


You were on level 2 of the Dungeon.
You worshipped Trog.
Trog was pleased with you.
You were near starving.

You visited 1 branch of the dungeon, and saw 2 of its levels.

You collected 78 gold pieces.

Inventory:

Hand Weapons
 a - a +0 hand axe (weapon)
Armour
 b - a +0 animal skin (worn)
Jewellery
 j - a +2 ring of dexterity {unknown}
 l - a cursed ring of protection from fire {unknown}
Scrolls
 e - a scroll of immolation {unknown}
 f - a scroll of magic mapping {unknown}
 g - 3 scrolls of teleportation {unknown}
 h - a scroll of fog {unknown}
 k - a scroll of blinking {unknown}
Potions
 d - 2 potions of haste {unknown}
 i - a potion of heal wounds {unknown}
Comestibles
 c - 3 rations


   Skills:
 + Level 3.9 Fighting
 + Level 3.7 Axes
 + Level 2.3 Armour
 + Level 2.1 Dodging
 + Level 1.1 Stealth


You had 3 spell levels left.
You didn't know any spells.

Dungeon Overview and Level Annotations

Branches:
Dungeon (2/15)

Altars:
Ashenzari
Dithmenos


Innate Abilities, Weirdness & Mutations

You are resistant to torment.
Your stone body is resilient. (AC +3)
You are immune to poison.
You resist negative energy. (rN+)
You are resistant to electric shocks. (rElec)
You can survive without breathing.
You are immune to petrification.
You are immune to rotting.


Message History

The ogre hits you with a giant spiked club!
You feel a strong urge to attack something.
You barely miss the ogre.
The ogre is heavily wounded.
The ogre closely misses you.
You hit the ogre.
The ogre is severely wounded.
You barely miss the ogre.
The ogre is severely wounded.
The ogre hits you with a giant spiked club!
* * * LOW HITPOINT WARNING * * *
You barely miss the ogre.
The ogre is severely wounded.
The ogre closely misses you.
You slash the ogre!
The ogre is almost dead.
You barely miss the ogre.
The ogre is almost dead.
The ogre hits you with a giant spiked club!
You die...

..# %.####.# #.#
#......# #.# ###..
#..##### #.# ....
#.....# #.# #.
#..###..##.# #.# #.#
#..#..###.# #.#
##..##.....##..###.#
.......@.........#.##
..##...O.....##.....#
##..._...####..#.#
..##.........##..##.#
......(..........##.#
....##.....##...###.#
#!.###..#(.###......#
#..##..###†(##.####.#
....###.....# #.#


You could see an ogre.

Vanquished Creatures
  2 adders (D:2)
  A worm (D:2)
  2 dart slugs
  A leopard gecko (D:2)
  3 bats
  5 giant cockroaches (D:1)
  7 goblins
  8 hobgoblins
  6 jackals
  4 kobolds
  A quokka (D:2)
  6 frilled lizards
  6 rats
52 creatures vanquished.

Notes
Turn   | Place    | Note
-------+----------+-------------------------------------------
     0 | D:1      | Fang the Gargoyle Berserker began the quest for the Orb.
     0 | D:1      | Reached XP level 1. HP: 14/14 MP: 1/1
    64 | D:1      | Reached XP level 2. HP: 19/19 MP: 2/2
   298 | D:1      | Reached XP level 3. HP: 15/24 MP: 3/3
   550 | D:1      | Reached ** piety under Trog
   848 | D:2      | Reached skill level 1 in Stealth
   905 | D:2      | Found a shattered altar of Ashenzari.
   919 | D:2      | Reached XP level 4. HP: 28/29 MP: 4/4
  1025 | D:2      | Found a shadowy altar of Dithmenos.
  1033 | D:2      | Noticed an ogre
  1089 | D:2      | Slain by an ogre

Skill      XL: |  1  2  3  4 |
---------------+-------------+-----
Axes           | 3 |  3.7
Stealth        | 1 |  1.1
Dodging        | 2 |  2.1
Fighting       | |  3.9
Armour         | |  2.3

Action                   |  1- 3 |  4- 6 || total
-------------------------+-------+-------++-------
Melee: Hand axe          |   106 |    47 ||   153
Invok: Berserk           |       |     1 ||     1
Armor: Animal skin       |    48 |    17 ||    65
Dodge: Dodged            |    82 |    34 ||   116
